Map: Incorporeal LE

Players

ManlyManMeat - Winner!

  • Race: Protoss Protoss
  • League: Master
  • Spawn Location: 11:00

Fergysonly

  • Race: Protoss Protoss
  • League: Master
  • Spawn Location: 5:00

VOD

Have the link to the VOD?

Description

Time

  • Played on: June 13, 2025, 5:41 p.m.
  • Length: 2:14
Show
View Real Time Build Order
Export as new Build Order

ManlyManMeat Protoss - Winner!

Build Orders:  

Get SALT Encoding   

  12  0:03  Probe  
  13  0:15  Probe  
  14  0:23  Pylon  
  14  0:27  Probe  
  15  0:42  Gateway  
  15  0:49  Gateway  
  15  0:56  Probe  
  16  0:58  Assimilator  
  16  1:06  Assimilator  
  16  1:08  Probe  
  17  1:49  Cybernetics Core  
Show
View Real Time Build Order
Export as new Build Order

Fergysonly Protoss 

Build Orders: Cannon Rush 

Get SALT Encoding   

  12  0:02  Probe  
  13  0:14  Probe  
  13  0:20  Pylon  
  14  0:26  Probe  
  15  0:38  Forge, Probe  
  16  0:50  Probe  
  17  1:01  Pylon  
  17  1:02  Probe  
  18  1:14  Probe  
  18  1:16  Pylon  
  18  1:31  Photon Cannon x2  
  18  1:38  Photon Cannon  
  17  1:57  Probe  
  17  2:00  Assimilator  
  18  2:11  Pylon  
Tags
 
Matchup
PvP
Spawn Locations
Cross Positions
Add a new tag
Caveats
  • Supply blocks, unpowered buildings, or Contaminate may cause inaccurate times.
  • Supply counts are checked every 10 seconds.